AoeStats
← Joey_did_it

Arena

510249655Analyzed
1v1 RM · 21h ago on Sep 30, 2026· 42m 48s· 2 players
Game mode
Random Map
Map size
Tiny (2 player)
Population
200
Speed
Normal
Resources
Standard
Victory
Conquest
Starting age
Dark Age
Ending age
Imperial Age
RankedLock teamsTeams togetherTeam positionsShared explorationLock speedFull tech treeHidden civsTurbo modeCheats
Victory
Defeat
🇨🇱 Celts · Chile
529
+16
🇺🇸 Sicilians · United States
522
-24
Joey_did_it
12:13 Feudal Age
14:16 Wheelbarrow
14:36 Horse Collar
17:49 Loom
21:40 Gold Mining
29:55 Castle Age
32:33 Hand Cart
33:55 Hand Cart
42:28 Heavy Plow
WuTaidou
10:42 Feudal Age
10:01 Loom
15:04 Castle Age
14:09 Double-Bit Axe
14:06 Horse Collar
17:00 Heavy Plow
24:20 Wheelbarrow
25:22 Hand Cart
25:54 Arson
28:17 Fletching
28:38 Forging
29:22 Bodkin Arrow
29:25 Town Watch
30:18 Stronghold
30:53 Town Patrol
31:03 Padded Archer Armor
37:01 Imperial Age
35:12 Iron Casting
35:02 Fervor
36:14 Bow Saw
36:26 Scale Mail Armor
37:21 Elite Woad Raider
38:25 Conscription
37:25 Elite Woad Raider
40:42 Hoardings
41:42 Blast Furnace
Connection lost

Rejoining the realm…

Still unreachable

The connection could not be restored.

Session expired

The server has moved on; the page needs a fresh start.